 Dungeon Crawl Stone Soup version 0.28-a0-1147-gc7b72d3202 (webtiles) character file.

Game seed: 14867460352174675727

2440 Htamos the Destroyer (level 9, 45/45 HPs)
             Began as a Felid Conjurer on Dec 14, 2021.
             Was a Follower of Vehumet.
             Quit the game on level 11 of the Dungeon.
             The game lasted 00:31:56 (13633 turns).

Htamos the Destroyer (Felid Conjurer)              Turns: 13633, Time: 00:31:56

Health: 45/45      AC:  2    Str:  3    XL:     9   Next: 25%
Magic:  17/17      EV: 23    Int: 20    God:    Vehumet [*.....]
Gold:   455        SH:  0    Dex: 19    Spells: 9/18 levels left
                                        Lives:  1   Deaths: 2

rFire   . . .      SeeInvis +   (weapon unavailable)
rCold   . . .      Faith    .   (shield unavailable)
rNeg    . . .      Spirit   .   (armour unavailable)
rPois   .          Reflect  .   (helmet unavailable)
rElec   .          Harm     .   (cloak unavailable)
rCorr   .          Rampage  .   (gloves unavailable)
Will    +....                   (boots unavailable)
Stlth   ++........              r - amulet of regeneration
HPRegen 0.95/turn               (no ring)
MPRegen 0.15/turn               (no ring)

@: quick
A: very small, claws 1, fangs 3, see invisible, speed 1, shaggy fur 2, stealthy
paws, no weapons or thrown items, no armour, multi-lived
a: Renounce Religion


You were on level 11 of the Dungeon.
You worshipped Vehumet.
Vehumet was aware of your devotion.
You visited 2 branches of the dungeon, and saw 12 of its levels.

You collected 455 gold pieces.

Inventory:

Jewellery
 a - a +4 ring of protection
 c - an amulet of the acrobat
 r - an amulet of regeneration (around neck)
 C - a ring of willpower
Wands
 e - a wand of flame (34)
 h - a wand of iceblast (6)
 j - a wand of digging (8)
 q - a wand of mindburst (21)
Scrolls
 b - 2 scrolls of enchant armour {unknown}
 i - a scroll of holy word {unknown}
 l - 2 scrolls of blinking {unknown}
 m - a scroll of vulnerability
 n - 3 scrolls of immolation {unknown}
 o - 3 scrolls of noise {unknown}
 p - 4 scrolls of magic mapping
 s - 3 scrolls of fear {unknown}
 u - a scroll of fog
 v - 2 scrolls of enchant weapon {unknown}
 w - a scroll of torment {unknown}
 x - 4 scrolls of identify {@rr}
 y - a scroll of summoning {unknown}
Potions
 d - a potion of invisibility {unknown}
 f - 3 potions of degeneration
 g - 4 potions of flight
 k - a potion of attraction
 t - a potion of might
 z - a potion of lignification {unknown}
 B - 2 potions of mutation {unknown}
 D - a potion of brilliance {unknown}
 E - a potion of berserk rage {unknown}


   Skills:
 * Level 8.7 Fighting
 - Level 8.6 Dodging
 - Level 2.6 Stealth
 - Level 5.0 Spellcasting
 - Level 10.4 Conjurations
 - Level 6.0 Hexes


You had 9 spell levels left.
You knew the following spells:

 Your Spells              Type           Power      Damage    Failure   Level
a - Magic Dart            Conj           100%       1d8       1%          1
b - Fulminant Prism       Conj/Hex       18%        3d11      4%          4
c - Iskenderun's Mystic   Conj/Tloc      25%        2d7       14%         4

Your spell library contained the following spells:

 Spells                   Type           Power      Damage    Failure   Level
 Foxfire                  Conj/Fire      100%       2x1d9     1%          1
 Searing Ray              Conj           92%        2d7       1%          2
 Dazzling Flash           Conj/Hex       74%        N/A       1%          3
 Mephitic Cloud           Conj/Pois/Air  18%        N/A       9%          3
 Summon Guardian Golem    Hex/Summ       17%        N/A       10%         3
 Beastly Appendage        Tmut           10%        N/A       12%         1
 Wereblood                Tmut           5%         N/A       17%         2
 Ignite Poison            Fire/Tmut/Pois 5%         N/A       34%         3
 Spider Form              Tmut/Pois      5%         N/A       34%         3
 Freezing Cloud           Conj/Ice/Air   9%         6-21      61%         5
 Silence                  Hex/Air        8%         N/A       67%         5
 Animate Dead             Necr           2%         N/A       75%         4
 Orb of Destruction       Conj           23%        9d10      80%         7
 Agony                    Necr           5%         N/A       97%         5
 Haunt                    Necr/Summ      2%         N/A       100%        7
 Spellforged Servitor     Conj/Summ      12%        N/A       100%        7
 Infestation              Necr           2%         N/A       100%        8


Dungeon Overview and Level Annotations

Branches:
Dungeon (11/15)            Temple (1/1) D:6
   Lair: D:8-11         Orc: D:9-12

Altars:
Ashenzari
Cheibriados
Dithmenos
Fedhas
Gozag
Hepliaklqana
Kikubaaqudgha
Makhleb
Nemelex Xobeh
Okawaru
Qazlal
Ru
Sif Muna
Trog
Uskayaw
Vehumet
Wu Jian
Xom
Yredelemnul
The Shining One

Annotations:
D:2 Sigmund
D:4 Menkaure
D:10 exclusion: centaur warrior
D:11 exclusion: gargoyle


Innate Abilities, Weirdness & Mutations

You have sharp claws.
You have razor-sharp teeth.
You have supernaturally acute eyesight. (SInv)
You cover ground quickly. (Speed+)
You are covered in thick fur. (AC +2)
Your paws help you pounce on unaware monsters.
You are incapable of wielding weapons or throwing items.
You cannot wear armour.
You gain extra lives every three experience levels.


Message History

Your fulminant prism crackles loudly.
The gargoyle hurls a stone arrow at you.
The stone arrow misses you.
Unknown command.
You feel very mighty all of a sudden.
Your fulminant prism explodes!
The blast of energy engulfs the tengu warrior!!
You kill the tengu warrior!
Vehumet accepts your kill.
The blast of energy engulfs the gargoyle!!
The gargoyle is severely damaged.
The gargoyle hurls a stone arrow at you.
The stone arrow misses you.
Your Fighting skill increases to level 8!
You completely miss the gargoyle.
The gargoyle is severely damaged.
The gargoyle hurls a stone arrow at you.
The stone arrow hits you!
* * * LOW HITPOINT WARNING * * *
You scratch the gargoyle but do no damage.
The gargoyle is severely damaged.
The gargoyle hits you with a +0 flail!
* * * LOW HITPOINT WARNING * * *
Unknown command.
Casting: Fulminant Prism (dangerous; 4% risk of failure)
Confirm with . or Enter, or press ? or * to list all spells.
Aiming: Magic Dart (safe; 1% risk of failure)
Press: ? - help, Shift-Dir - straight line, f - gargoyle
Aim: a gargoyle, wielding a +0 flail (severely damaged, 100% to hit)
The magic dart hits the gargoyle.
The gargoyle is almost destroyed.
* * * LOW MAGIC WARNING * * *
The gargoyle hits you with a +0 flail!
You die...
You are now level 9!
You rejoin the land of the living...
Unknown command.
Assign waypoint to what number? (0-9)
Okay, then.
Are you sure you want to abandon this character and quit the game? (Confirm with "yes".)

#. ...#..###.......
##....##...###.....### .
#..##.##...##...#.>#..
....#............##....#
...#.................###
#..>..................# #
#........^......#####.. .#
#................# ##.
###.###.....@............# ..
#...##......................#
###.####.......................
#.<......#.......######...#....
#.##............## .###....
##.##........##### ## #...
#..#.........# #<##.#.....#.#
#.#..#.....#.#


There were no monsters in sight!

Vanquished Creatures
  A tengu warrior (D:11)
  A cyclops (D:11)
  4 centaur zombies
  A gargoyle (D:11)
  Maggie (D:7)
  Grinder (D:4)
  A hornet (D:10)
  A shadow (D:10)
  A steam dragon (D:6)
  4 vampire mosquitoes (D:10)
  An orc warrior (D:7)
  A sky beast (D:3)
  An ice beast (D:7)
  A necrophage (D:5)
  A black bear (D:7)
  An ogre (D:5)
  3 centaurs
  2 phantoms
  A kobold brigand (D:10)
  Blork the orc (D:6)
  2 scorpions
  5 bullfrogs
  A water moccasin skeleton (D:5)
  4 wights
  6 killer bees
  3 hounds
  2 orc priests (D:7)
  3 gnoll shamans
  Jessica (D:2)
  Natasha (thrice) (D:4)
  Ijyb (D:4)
  6 iguanas
  4 orc wizards
  A hound skeleton (D:4)
  2 howler monkey zombies
  Robin (D:4)
  10 adders
  14 gnolls
  2 white imps
  An adder skeleton (D:4)
  A worm (D:4)
  2 dart slugs
  16 orcs
  4 bats
  8 endoplasms
  5 giant cockroaches
  14 goblins
  12 hobgoblins
  3 jackals (D:2)
  11 kobolds
  3 quokkas
  12 ball pythons
  6 rats
198 creatures vanquished.

Vanquished Creatures (others)
  26 fulminant prisms
26 creatures vanquished.

Grand Total: 224 creatures vanquished

Notes
Turn   | Place    | Note
-------+----------+-------------------------------------------
     0 | D:1      | Htamos the Felid Conjurer began the quest for the Orb.
     0 | D:1      | Reached XP level 1. HP: 7/7 MP: 4/4
   270 | D:1      | Reached XP level 2. HP: 11/11 MP: 3/6
   866 | D:2      | Reached XP level 3. HP: 14/14 MP: 2/8
  1278 | D:2      | Noticed Sigmund
  1419 | D:2      | Reached XP level 4. HP: 18/18 MP: 7/11
  1750 | D:2      | Found a faded altar of an unknown god.
  1788 | D:2      | Noticed Jessica
  1932 | D:3      | Found a hide-covered altar of Uskayaw.
  2102 | D:3      | Noticed a scorpion
  2118 | D:3      | Killed a scorpion
  2119 | D:3      | Reached skill level 5 in Spellcasting
  2119 | D:3      | Reached XP level 5. HP: 13/21 MP: 1/13
  2418 | D:3      | Reached skill level 4 in Conjurations
  2510 | D:3      | Learned a level 4 spell: Fulminant Prism
  2515 | D:3      | Learned a level 4 spell: Iskenderun's Mystic Blast
  2596 | D:2      | Killed Jessica
  2782 | D:3      | Noticed a sky beast
  2862 | D:3      | Killed a sky beast
  2863 | D:3      | Reached skill level 5 in Conjurations
  2863 | D:3      | Gained mutation: You are covered in thick fur. (AC +2)
                  | [Felid growth]
  2863 | D:3      | Reached XP level 6. HP: 17/24 MP: 3/14
  3282 | D:4      | Noticed Robin
  3295 | D:4      | Killed Robin
  3422 | D:4      | Noticed Natasha
  3426 | D:4      | Killed Natasha
  3675 | D:4      | Noticed Natasha
  3683 | D:4      | Killed Natasha
  3684 | D:4      | Reached skill level 6 in Conjurations
  3734 | D:4      | Reached skill level 1 in Fighting
  3734 | D:4      | Reached XP level 7. HP: 28/28 MP: 9/15
  3888 | D:4      | Noticed Natasha
  3904 | D:4      | Killed Natasha
  4116 | D:4      | Noticed Menkaure
  4189 | D:4      | Noticed Ijyb
  4196 | D:4      | Killed Ijyb
  5163 | D:4      | Noticed Grinder
  5178 | D:5      | Entered Level 5 of the Dungeon
  5437 | D:5      | Reached skill level 5 in Dodging
  6093 | D:5      | Reached XP level 8. HP: 36/36 MP: 10/16
  6385 | D:5      | Identified the +0 ring mail of the Dropbear {Harm Will+}
  7169 | D:4      | Killed Grinder
  7298 | D:4      | Reached skill level 5 in Fighting
  7395 | D:4      | Found a basalt altar of Yredelemnul.
  7532 | D:6      | Found a staircase to the Ecumenical Temple.
  7536 | D:6      | Noticed Blork the orc
  7701 | D:6      | Killed Blork the orc
  7829 | Temple   | Entered the Ecumenical Temple
  7928 | D:6      | Found an ornate altar of the Wu Jian Council.
  8392 | D:6      | Found a radiant altar of Vehumet.
  8407 | D:6      | Became a worshipper of Vehumet
  8981 | D:7      | Reached skill level 1 in Hexes
  9129 | D:7      | Noticed Maggie
  9221 | D:7      | Reached XP level 9. HP: 31/41 MP: 8/17
  9388 | D:7      | Reached skill level 5 in Hexes
 10008 | D:7      | Found a broken altar of Ashenzari.
 10109 | D:7      | Killed Maggie
 10109 | D:7      | Reached * piety under Vehumet
 10109 | D:7      | Offered knowledge of Foxfire by Vehumet.
 10110 | D:7      | Reached skill level 7 in Conjurations
 10686 | D:7      | Reached skill level 8 in Conjurations
 11196 | D:8      | Noticed a centaur warrior
 11507 | D:8      | Found a bloodstained altar of Trog.
 11676 | D:9      | Reached skill level 9 in Conjurations
 11800 | D:9      | Noticed a two-headed ogre
 11835 | D:9      | Slain by a killer bee
 11836 | D:9      | Reached XP level 8. HP: 0/38 MP: 4/16
 11932 | D:10     | Entered Level 10 of the Dungeon
 11961 | D:10     | Reached XP level 9. HP: 37/41 MP: 9/17
 12414 | D:10     | Reached skill level 10 in Conjurations
 12850 | D:10     | Noticed a centaur warrior
 13138 | D:11     | Noticed a gargoyle
 13194 | D:11     | Noticed a cyclops
 13201 | D:11     | Killed a cyclops
 13345 | D:11     | Reached XP level 10. HP: 47/47 MP: 1/18
 13477 | D:11     | Noticed a gargoyle
 13505 | D:11     | Killed a gargoyle
 13526 | D:11     | Noticed a tengu warrior
 13629 | D:11     | Killed a tengu warrior
 13632 | D:11     | Slain by a gargoyle
 13633 | D:11     | Reached XP level 9. HP: -3/45 MP: 0/17
 13633 | D:11     | Quit the game

Illustrated notes

Levels and vault maps discovered:
D:1:      minmay_arrival_five_plusses, layout_basic
D:2:      layout_loops_ring, nicolae_ecumenical_snake_handling, uniq_sigmund,
          uniq_jessica
D:3:      layout_basic, mainiacjoe_overflow_alcove_1, corexii_leaking_fountain,
          cheibrodos_gnoll_hut
D:4:      layout_loops_corners, mainiacjoe_overflow_alcove_2,
          grunt_ministairs_7, minivault_4, minmay_circle_x, uniq_natasha,
          uniq_grinder, uniq_menkaure, uniq_ijyb, uniq_robin
D:5:      layout_basic, serial_rivers, chequers_serial_rivers_micro_a,
          chequers_serial_rivers_micro_e, chequers_serial_rivers_large_a,
          chequers_serial_rivers_room_a
D:6:      layout_loops_ring, mainiacjoe_overflow_catwalk,
          nicolae_vehumet_radiance, temple_pool_b, uniq_blork_the_orc
D:7:      layout_basic, nicolae_ashenzari_skybound, uniq_maggie
D:8:      cheibrodos_barr_body, layout_loops_cross, marbit_many_paths,
          mainiacjoe_overflow_24_doors
D:9:      layout_cave_pools, kennysheep_mini, lair_entry_dummy, erik_orc_3
D:10:     layout_roguey
D:11:     layout_rooms, serial_curves, eino_curves_04, eino_curves_01,
          eino_curves_03, eino_curves_03
Temple:   zaba_magenta_temple

Skill      XL: |  1  2  3  4  5  6  7  8  9 10 |
---------------+-------------------------------+-----
Spellcasting   | 3 4 5 |  5.0
Conjurations   | 5 6 10 | 10.4
Fighting       | 1 4 6 7 8 |  8.7
Dodging        | 3 6 8 |  8.6
Hexes          | 3 6 |  6.0
Stealth        | |  2.6

Action                   |  1- 3 |  4- 6 |  7- 9 | 10-12 || total
-------------------------+-------+-------+-------+-------++-------
Melee: Unarmed           |     1 |     5 |    13 |     2 ||    21
       Bite              |       |       |     2 |       ||     2
 Cast: Magic Dart        |    63 |   152 |   609 |     3 ||   827
       Fulminant Prism   |       |       |    18 |     8 ||    26
       Iskenderun's Myst |       |       |     1 |       ||     1
Evoke: Wand              |       |       |    17 |       ||    17
  Use: Potion            |       |     2 |     4 |     2 ||     8
       Scroll            |       |       |    11 |       ||    11
 Stab: Sleeping          |     1 |       |       |       ||     1
       Paralysed         |       |       |    11 |       ||    11
Armor: Skin              |       |       |    16 |       ||    16
Dodge: Dodged            |       |    32 |   337 |     7 ||   376

Table legend: (Time is in decaauts)
 A = Elapsed time spent in this place.
 B = Non-inter-level travel time spent in this place.
 C = Inter-level travel time spent in this place.
 D = Time resting spent in this place.
 E = Time spent auto-exploring this place.
 F = Levels seen in this place.
 G = Mean time per level.
                   A        B        C        D        E       F      G
               +--------+--------+--------+--------+--------+-----+--------+
         Total |  12187 |  11819 |    368 |    930 |   8108 |  12 | 1015.6 |
       Dungeon |  12126 |  11773 |    353 |    930 |   8068 |  11 | 1102.4 |
        Temple |     61 |     46 |     15 |      0 |     40 |   1 |   61.0 |
               +--------+--------+--------+--------+--------+-----+--------+

Top non-repeatable levels by time:
     D:4: 2244 daAuts
     D:7: 1846 daAuts
     D:5: 1579 daAuts
     D:6: 1257 daAuts
     D:2: 1234 daAuts
     D:3: 1047 daAuts
    D:10: 1000 daAuts
     D:1: 673 daAuts
    D:11: 508 daAuts
     D:8: 426 daAuts
     D:9: 306 daAuts
  Temple: 61 daAuts
